 Dungeon Crawl Stone Soup version 0.31-a0-848-gaac375c (webtiles) character file.

Game seed: 8571215905910963242

588 BarneyGumball the Chiller (level 7, 0/49 HPs)
             Began as a Demonspawn Ice Elementalist on Oct 4, 2023.
             Was an Initiate of Vehumet.
             Slain by a troll (5 damage)
             ... on level 6 of the Dungeon.
             The game lasted 00:18:02 (5198 turns).

BarneyGumball the Chiller (DsIE)                    Turns: 5198, Time: 00:18:03

Health: 0/49       AC: 10    Str:  8    XL:     7   Next: 15%
Magic:  4/10       EV: 12    Int: 19    God:    Vehumet [......]
Gold:   293        SH:  0    Dex: 13    Spells: 1/10 levels left

rFire   . . .        l - +3 mace
rCold   . . .        (no shield)
rNeg    . . .        a - +0 robe
rPois   .            (helmet restricted)
rElec   .            (no cloak)
rCorr   .            s - +0 pair of gloves
SInv    .            (no boots)
Will    .....        h - amulet of the acrobat
Stlth   ++           k - ring of fire
HPRegen 0.28/turn    o - ring of ice
MPRegen 0.12/turn

%: acrobat
@: mighty, ice-armoured, freezing walls
A: antennae 2, ignite blood 1, demonic magic 1
a: Renounce Religion


You were on level 6 of the Dungeon.
You worshipped Vehumet.
Vehumet was noncommittal.
You visited 1 branch of the dungeon, and saw 6 of its levels.

You collected 293 gold pieces.

Inventory:

Hand Weapons
 l - a +3 mace (weapon)
Missiles
 c - 10 poisoned darts (quivered)
Armour
 a - a +0 robe (worn)
 s - a +0 pair of gloves (worn)
Jewellery
 g - a ring of protection from cold
 h - an amulet of the acrobat (around neck)
 k - a ring of fire (left hand)
 o - a ring of ice (right hand)
 v - a ring of willpower
 y - a +4 ring of protection
Wands
 d - a wand of flame (11)
 q - a wand of digging (6)
 r - a wand of roots (10)
 u - a wand of mindburst (11)
Scrolls
 b - a scroll of teleportation
 f - a scroll of poison {unknown}
 j - 2 scrolls of revelation {unknown}
 n - 4 scrolls of vulnerability {unknown}
 p - 2 scrolls of amnesia {unknown}
Potions
 i - a potion of lignification {unknown}
 m - 2 potions of curing
 t - a potion of experience {unknown}
 w - a potion of enlightenment {unknown}
 x - a potion of might
 z - a potion of mutation {unknown}
 A - a potion of brilliance {unknown}


   Skills:
 + Level 1.7 Fighting
 + Level 2.5 Dodging
 - Level 2.0 Stealth
 - Level 2.0 Spellcasting
 + Level 0.4 Conjurations
 - Level 4.0 Translocations
 - Level 6.0 Ice Magic
 + Level 0.3 Earth Magic


You had one spell level left.
You knew the following spells:

 Your Spells              Type           Power      Damage    Failure   Level
a - Freeze                Ice            100%       1d10      1%          1
b - Frozen Ramparts       Ice            74%        1d12      4%          3
c - Ozocubu's Armour      Ice            37%        N/A       4%          3
d - Blink                 Tloc           34%        N/A       4%          2

Your spell library contained the following spells:

 Spells                   Type           Power      Damage    Failure   Level
 Magic Dart               Conj           12%        1d3       14%         1
 Sandblast                Erth           6%         2d5       16%         1
 Volatile Blastmotes      Fire/Tloc      28%        2d12      22%         3
 Passwall                 Tmut/Erth      1%         N/A       24%         2
 Call Imp                 Summ           2%         N/A       26%         2
 Manifold Assault         Tloc           17%        N/A       32%         4
 Stone Arrow              Conj/Erth      6%         3d7       41%         3
 Dazzling Flash           Conj/Hex       4%         N/A       43%         3
 Mephitic Cloud           Conj/Pois/Air  2%         N/A       43%         3
 Summon Ice Beast         Ice/Summ       19%        N/A       43%         4
 Brom's Barrelling Bould  Conj/Erth      3%         2d3       82%         4
 Starburst                Conj/Fire      2%         6d3       100%        6
 Maxwell's Capacitive Co  Air            0%         ∞         100%        8


Dungeon Overview and Level Annotations

Branches:
Dungeon (6/15)
 Temple: D:4-7

Altars:
Hepliaklqana
Kikubaaqudgha
Makhleb
Okawaru
Ru
Sif Muna
Trog
Uskayaw
Vehumet


Innate Abilities, Weirdness & Mutations

You have a pair of antennae on your head.
Your demonic aura sometimes causes spilled blood to erupt in flames.
Spells you cast may paralyse adjacent enemies.


Message History

Your Translocations skill increases to level 4!
Casting: Frozen Ramparts (dangerous; 4% risk of failure)
Confirm with . or Enter, or press ? or * to list all spells.
Okay, then.
You start resting.
You feel sick. x5
You are no longer poisoned.
HP restored.
You see here an adder corpse.
You now have 293 gold pieces (gained 15).
Found a stone staircase leading down.
You sense a monster nearby.
You pick up a book of Minor Magic and begin reading...
You add the spells Magic Dart, Call Imp and Mephitic Cloud to your library.
Okay, then.
A troll and a black bear come into view.
Found 15 gold pieces.
The troll shouts!
The black bear growls angrily.
Casting: Frozen Ramparts (dangerous; 4% risk of failure)
Confirm with . or Enter, or press ? or * to list all spells.
Casting: Frozen Ramparts (dangerous; 4% risk of failure)
Press: ? - help, Dir - look around, f - activate You feel a surge of power!
The walls around you are covered in ice.
Malevolent energies surge around you.
The wall freezes the troll!
Casting: Frozen Ramparts (dangerous; 4% risk of failure)
Confirm with . or Enter, or press ? or * to list all spells.
You feel a surge of power! A film of ice covers your body!
Malevolent energies surge around you.
The wall freezes the troll!
The troll bites you. The troll claws you! x2
Okay, then.
Okay, then.
You feel very mighty all of a sudden.
The wall freezes the troll.
The troll bites you!
The troll claws you but does no damage. x2
You hit the troll.
The troll is severely wounded.
The wall freezes the troll!
The troll closely misses you. The troll claws you!
* * * LOW HITPOINT WARNING * * *
The troll claws you.
You die...

..# ... #.#
#..# #
##.##..#####.#
.............#
..........##
####
.......##.h####
...########
......{ ##.T@.#
...........
.....{. ####.#
#.###.....
....... #.##
#.#...†###
.....h#
#..#####......#
......
##....###..##.#
$.....
#####.##..###.#
###.....##.##
#.#
............#
#.#
##...##.....#
#.#


You could see a troll and a black bear.

Vanquished Creatures
  An ogre (D:5)
  A howler monkey (D:4)
  2 hounds
  An orc priest (D:4)
  5 orc wizards
  Natasha (twice) (D:2)
  10 adders
  3 ufetubi (D:6)
  3 dart slugs
  11 orcs
  6 bats
  4 endoplasms
  2 giant cockroaches
  4 goblins
  8 hobgoblins
  7 jackals
  3 quokkas
  6 ball pythons
  3 frilled lizards
  4 kobolds
  8 rats
94 creatures vanquished.

Notes
Turn   | Place    | Note
-------+----------+-------------------------------------------
     0 | D:1      | BarneyGumball the Demonspawn Ice Elementalist began the
                  | quest for the Orb.
     0 | D:1      | Reached XP level 1. HP: 13/13 MP: 3/3
   282 | D:1      | Reached skill level 4 in Ice Magic
   319 | D:1      | Gained mutation: You have a pair of small antennae on your
                  | head. [demonic ancestry]
   319 | D:1      | Reached XP level 2. HP: 19/19 MP: 3/5
  1014 | D:2      | Reached XP level 3. HP: 24/24 MP: 3/6
  1098 | D:2      | Found an iron altar of Okawaru.
  1276 | D:2      | Learned a level 3 spell: Frozen Ramparts
  1531 | D:2      | Reached skill level 5 in Ice Magic
  1602 | D:2      | Found a faded altar of an unknown god.
  1892 | D:2      | Reached XP level 4. HP: 26/30 MP: 3/7
  1948 | D:2      | Noticed Natasha
  1954 | D:2      | Killed Natasha
  2103 | D:2      | Noticed Natasha
  2108 | D:2      | Killed Natasha
  2220 | D:3      | Learned a level 3 spell: Ozocubu's Armour
  2596 | D:3      | Gained mutation: You have a pair of antennae on your head.
                  | [demonic ancestry]
  2596 | D:3      | Reached XP level 5. HP: 35/35 MP: 6/8
  2843 | D:3      | Found a sacrificial altar of Ru.
  3369 | D:4      | Reached skill level 1 in Translocations
  3569 | D:4      | Reached skill level 6 in Ice Magic
  3714 | D:4      | Gained mutation: Spells you cast may paralyse adjacent
                  | enemies. [demonic ancestry]
  3714 | D:4      | Reached XP level 6. HP: 28/41 MP: 5/9
  3825 | D:4      | Found a radiant altar of Vehumet.
  3856 | D:4      | Became a worshipper of Vehumet
  3862 | D:4      | Found an ancient bone altar of Kikubaaqudgha.
  3903 | D:4      | Found a shimmering blue altar of Sif Muna.
  4083 | D:4      | Learned a level 2 spell: Blink
  4222 | D:5      | Entered Level 5 of the Dungeon
  4267 | D:5      | Found an iron altar of Okawaru.
  4268 | D:5      | Noticed an ice beast
  4269 | D:5      | Found a burning altar of Makhleb.
  4311 | D:5      | Noticed an ice beast
  4388 | D:5      | Reached skill level 1 in Fighting
  4388 | D:5      | Gained mutation: Your demonic aura sometimes causes spilled
                  | blood to erupt in flames. [demonic ancestry]
  4388 | D:5      | Reached XP level 7. HP: 25/48 MP: 1/10
  4559 | D:5      | Found a bloodstained altar of Trog.
  4573 | D:5      | Found a hazy altar of Hepliaklqana.
  5045 | D:6      | Found a hide-covered altar of Uskayaw.
  5189 | D:6      | Noticed a troll
  5198 | D:6      | Slain by a troll

Illustrated notes

Levels and vault maps discovered:
D:1:      tarquinn_simple_flora_water_a, layout_loops_cross, bh_walls_and_bars
D:2:      layout_loops_corners, basic_altar, ebering_ecumenical_altar_box,
          uniq_natasha
D:3:      layout_basic, nicolae_ru_path_of_blood, grunt_decor_resistance
D:4:      layout_basic, palyth_temple_overflow_mages
D:5:      layout_rooms, kennysheep_slug_shrine,
          nicolae_overflow_macrodata_refinement, serial_shops,
          nicolae_shop_hallway_plus, serial_glass, glass_columns_a,
          glass_columns_b, glass_columns_a, feat_on_display,
          due_unseen_surprise, item_on_display_a, fountainhead
D:6:      layout_basic, nicolae_uskayaw_suspiria, lemuel_temple_firewalk_a,
          serial_shops, shop

Skill      XL: |  1  2  3  4  5  6  7 |
---------------+----------------------+-----
Ice Magic      | 4 5 6 |  6.0
Translocations | 2 3 4 |  4.0
Dodging        | 2 |  2.5
Stealth        | 2 |  2.0
Fighting       | 1 |  1.7
Spellcasting   | |  2.0
Conjurations   | |  0.4
Earth Magic    | |  0.3

Action                     |  1- 3 |  4- 6 |  7- 9 || total
---------------------------+-------+-------+-------++-------
  Melee: Short sword       |    13 |       |       ||    13
         Punch             |     1 |       |       ||     1
         Mace              |    42 |    99 |    26 ||   167
  Throw: Dart              |       |     8 |       ||     8
   Cast: Freeze            |    38 |    17 |     2 ||    57
         Frozen Ramparts   |       |    15 |     5 ||    20
         Ozocubu's Armour  |       |       |     2 ||     2
         Blink             |       |       |     1 ||     1
  Evoke: Wand              |       |       |     1 ||     1
    Use: Scroll            |       |       |     5 ||     5
         Potion            |       |       |     2 ||     2
   Stab: Sleeping          |     3 |     6 |     1 ||    10
         Paralysed         |       |     2 |       ||     2
 Armour: Robe              |    36 |    60 |    28 ||   124
  Dodge: Dodged            |    60 |    76 |    27 ||   163

Table legend: (Time is in decaauts)
 A = Elapsed time spent in this place.
 B = Non-inter-level travel time spent in this place.
 C = Inter-level travel time spent in this place.
 D = Time resting spent in this place.
 E = Time spent auto-exploring this place.
 F = Levels seen in this place.
 G = Mean time per level.
                   A        B        C        D        E       F      G
               +--------+--------+--------+--------+--------+-----+--------+
         Total |   5266 |   5009 |    257 |    401 |   3499 |   6 |  877.7 |
       Dungeon |   5266 |   5009 |    257 |    401 |   3499 |   6 |  877.7 |
               +--------+--------+--------+--------+--------+-----+--------+

Top non-repeatable levels by time:
     D:4: 1404 daAuts
     D:2: 1214 daAuts
     D:1: 998 daAuts
     D:3: 935 daAuts
     D:6: 385 daAuts
     D:5: 328 daAuts
